[Event "CCT Chessable Masters D-III 2024"]
[Site "Online"]
[Date "2024.02.04"]
[Round "4"]
[White "Paravyan, David"]
[Black "Sarana, Alexey"]
[Result "1/2-1/2"]
[ECO "B46"]
[WhiteElo "2612"]
[BlackElo "2695"]
[Annotator "ChessBase"]
[PlyCount "106"]
[EventDate "2024.01.12"]
[EventType "k.o."]
[EventCountry "NET"]
[SourceTitle "playchess.com"]
[Source "ChessBase"]
[SourceQuality "1"]
[TimeControl "600+2"]

1. e4 c5 2. Nf3 e6 3. d4 cxd4 4. Nxd4 Nc6 5. Nc3 a6 6. Nxc6 bxc6 7. Bd3 d5 8. O-O Nf6 9. Bf4 Be7 10. Qf3 O-O 11. Rfe1 Re8 12. h3 Bb7 13. Rad1 Nd7 14. Na4 e5 15. Bg3 Bd6 16. b3 Qf6 17. Qg4 Qe6 18. exd5 Qxg4 19. hxg4 cxd5 20. Bf5 Rad8 21. Bxd7 Rxd7 22. Nb6 Rdd8 23. Nxd5 Bc5 24. c4 f6 25. g5 Bxd5 26. Rxd5 Rxd5 27. cxd5 Rd8 28. gxf6 gxf6 29. Bh4 Rxd5 30. Bxf6 Rd2 31. Bh4 Rxa2 32. Bg3 Bd4 33. Rc1 Rb2 34. Rc8+ Kf7 35. Rc7+ Kg6 36. Rc6+ Kf5 37. Rxa6 Rxb3 38. Kh2 e4 39. Ra5+ Kg6 40. Ra6+ Kf7 41. Rd6 Rd3 42. Rd5 Ke6 43. Rh5 e3 44. fxe3 Bxe3 45. Rxh7 Bg1+ 46. Kh3 Bf2 47. Rg7 Kf6 48. Rg4 Bxg3 49. Rxg3 Rxg3+ 50. Kxg3 Kg5 51. Kf3 Kf5 52. g4+ Kg5 53. Ke4 Kxg4 1/2-1/2

[Event "CCT Chessable Masters D-III 2024"]
[Site "Online"]
[Date "2024.02.04"]
[Round "4"]
[White "Safarli, Eltaj"]
[Black "Grischuk, Alexander"]
[Result "1/2-1/2"]
[ECO "C67"]
[WhiteElo "2604"]
[BlackElo "2732"]
[Annotator "ChessBase"]
[PlyCount "60"]
[EventDate "2024.01.12"]
[EventType "k.o."]
[EventCountry "NET"]
[SourceTitle "playchess.com"]
[Source "ChessBase"]
[SourceQuality "1"]
[TimeControl "600+2"]

1. e4 e5 2. Nf3 Nc6 3. Bb5 Nf6 4. O-O Nxe4 5. d4 Nd6 6. Ba4 exd4 7. c3 Be7 8. cxd4 O-O 9. Re1 b5 10. Bb3 Bf6 11. Nc3 Nf5 12. Re4 Na5 13. Bd5 c6 14. Rf4 b4 15. Be4 bxc3 16. Bxf5 cxb2 17. Bxb2 d5 18. Bd3 Nc4 19. Bc3 Re8 20. Ne5 g6 21. Nxc4 dxc4 22. Bxc4 Be6 23. d5 Bxc3 24. dxe6 fxe6 25. Rb1 Qxd1+ 26. Rxd1 Re7 27. Re4 Kg7 28. Rd6 e5 29. Rxc6 Bd4 30. Bb3 Rf8 1/2-1/2

[Event "CCT Chessable Masters D-III 2024"]
[Site "Online"]
[Date "2024.02.05"]
[Round "5"]
[White "Grischuk, Alexander"]
[Black "Sarana, Alexey"]
[Result "0-1"]
[ECO "D02"]
[WhiteElo "2732"]
[BlackElo "2695"]
[Annotator "TA"]
[PlyCount "98"]
[EventDate "2024.01.12"]
[EventType "k.o."]
[EventCountry "NET"]
[SourceTitle "playchess.com"]
[Source "ChessBase"]
[SourceQuality "1"]
[TimeControl "600+2"]

1. d4 Nf6 2. Bf4 d5 3. Nf3 e6 4. Nbd2 Bd6 5. Bg5 c5 6. e4 {[%emt 0:00:09] D02: 1 d4 d5 2 Nf3 sidelines, including 2...Nf6 3 g3 and 2...Nf6 3 Bf4.} Be7 7. e5 Nfd7 8. Bxe7 Qxe7 9. c3 b6 10. Bb5 a6 11. Bd3 a5 12. Qe2 $146 ({Predecessor:} 12. O-O Ba6 13. Bxa6 Nxa6 14. c4 Nc7 15. cxd5 Nxd5 16. Ne4 O-O 17. a3 cxd4 18. Qxd4 Nc5 19. Nxc5 bxc5 20. Qc4 {1-0 Stepins,E (2306)-Semjonovs,I (2201) LAT-ch Riga 2018 (6)}) 12... Ba6 13. Bxa6 Nxa6 14. h4 O-O 15. h5 h6 16. O-O Rfb8 17. g3 b5 18. a3 Nc7 (18... a4 $15) 19. Kg2 c4 20. Nh4 b4 21. a4 $1 bxc3 22. bxc3 Rb2 23. f4 {[%emt 0:00:33] [#]} (23. Qd1 $11 {remains equal.}) 23... Rab8 (23... Rc2 $1 $17 24. Qe3 Rb8) 24. Rf2 Rc2 25. Qe3 Rbb2 26. Raf1 $2 (26. Nhf3 $1 $15 Ra2 27. Rxa2 Rxa2 28. Nb1 Rxa4 29. Rb2) 26... Qa3 $19 27. f5 Qxc3 (27... Qxa4 $2 28. f6 Rxd2 (28... Qa2 29. fxg7 Rxd2 30. Qxh6 Rxf2+ 31. Kh3 Rh2+ 32. Kg4 Rxh4+ 33. Kg5 f6+ 34. exf6) 29. Rxd2 Rxd2+ 30. Qxd2 gxf6 31. Qxh6 (31. exf6 Ne8 $18) 31... Qc2+ 32. Rf2 Qe4+ 33. Kh2 $18) 28. Qxc3 Rxc3 29. fxe6 Nxe6 30. Nf5 Kh7 31. Ne7 (31. Nf3 {might work better.} Rcb3 32. Rxb2 Rxb2+ 33. Kh3) 31... Nb6 (31... Nxd4 32. Nxd5 Rd3 (32... Rcc2 33. Nxc4 Rxf2+ 34. Rxf2 $11) 33. Nxc4 Rxf2+ 34. Rxf2 $17) 32. Nf3 Rcc2 (32... Nxa4 33. Nxd5 Rd3 34. Ra1 Rxf2+ (34... Nxd4 $2 35. Nxd4 Rxf2+ 36. Kxf2 $19) 35. Kxf2) 33. Rxc2 Rxc2+ 34. Kh3 $2 (34. Rf2 Rc3 35. Ne1) 34... c3 $19 (34... Nxa4 35. Nxd5 c3 36. Ne7 $17) 35. Nc6 (35. Rb1 $142 Nc4 (35... Nxa4 $2 36. Nxd5 Re2 37. Ne1 $19) (35... Rb2 $2 36. Rc1 $19) 36. Nxd5) 35... Rb2 36. Rc1 Nxa4 37. Nxa5 Rf2 38. Kg4 g6 39. hxg6+ fxg6 40. Ne1 h5+ 41. Kh3 Ng5+ 42. Kh4 Kh6 43. g4 Rf4 44. Kg3 Rxg4+ 45. Kf2 Rxd4 46. Ke3 Re4+ 47. Kd3 Rxe5 48. Nc6 Re4 49. Nd4 Nh3 0-1

[Event "CCT Chessable Masters D-III 2024"]
[Site "Online"]
[Date "2024.02.05"]
[Round "5"]
[White "Sarana, Alexey"]
[Black "Grischuk, Alexander"]
[Result "1-0"]
[ECO "D17"]
[WhiteElo "2695"]
[BlackElo "2732"]
[Annotator "RC"]
[PlyCount "131"]
[EventDate "2024.01.12"]
[EventType "k.o."]
[EventCountry "NET"]
[SourceTitle "playchess.com"]
[Source "ChessBase"]
[SourceQuality "1"]
[TimeControl "600+2"]

1. d4 d5 2. c4 c6 3. Nf3 Nf6 4. Nc3 dxc4 5. a4 Bf5 6. Ne5 e6 7. g3 Bb4 8. Bg2 Nbd7 9. Nxc4 Nb6 10. Ne5 a5 11. O-O O-O 12. Bg5 h6 13. Bxf6 Qxf6 14. e4 Bh7 15. Na2 Rfd8 16. Nxb4 axb4 17. a5 Nd7 18. Nc4 e5 19. Qb3 exd4 20. Qxb4 Qe6 21. b3 Ra7 22. Rfe1 f6 23. f4 Kh8 24. e5 Bg8 25. Rad1 fxe5 26. fxe5 c5 27. Qb5 Qa6 28. Qxa6 bxa6 29. e6 Nf6 30. Re5 Re7 31. Rde1 d3 32. Bh3 g6 33. Rxc5 d2 34. Rd1 Bxe6 35. Bxe6 Rxe6 36. Rxd2 Rxd2 37. Nxd2 Re2 38. Nf3 Rb2 39. Rc6 Kg7 40. Nd4 Ng4 41. Rxa6 Rxh2 42. Ra7+ Kf6 43. Ra6+ Kf7 44. Rb6 Ra2 45. a6 Ne3 46. b4 Nd5 47. Rb5 Nxb4 48. Rxb4 Rxa6 49. Kf2 Ra2+ 50. Kf3 Ra3+ 51. Rb3 Ra6 52. Rc3 Ra7 53. Nb5 Ra6 54. Nd4 Ra7 55. Ke4 Kf6 56. Kf4 Ra4 57. Rc6+ Kf7 58. Ke5 Ra5+ 59. Ke4 Ra4 60. Rb6 Rc4 61. Kd3 Ra4 62. Nf3 Ra3+ 63. Ke4 Ra4+ 64. Nd4 Rc4 65. Ra6 Rc1 66. Nf3 1-0

[Event "CCT Chessable Masters D-III 2024"]
[Site "Online"]
[Date "2024.02.06"]
[Round "6"]
[White "Grischuk, Alexander"]
[Black "Sarana, Alexey"]
[Result "1-0"]
[ECO "D39"]
[WhiteElo "2732"]
[BlackElo "2695"]
[Annotator "TA"]
[PlyCount "63"]
[EventDate "2024.01.12"]
[EventType "k.o."]
[EventCountry "NET"]
[SourceTitle "playchess.com"]
[Source "ChessBase"]
[SourceQuality "1"]
[TimeControl "600+2"]

1. d4 Nf6 2. c4 e6 3. Nf3 d5 4. Nc3 Bb4 5. Bg5 dxc4 6. e4 c5 7. Bxc4 cxd4 8. Nxd4 Qa5 9. Bd2 (9. Bxf6 {feels hotter.} Bxc3+ 10. bxc3 Qxc3+ 11. Kf1) 9... Qc5 10. Bb5+ Nbd7 11. Nb3 Qc7 {[%emt 0:00:02] White is slightly better.} 12. Rc1 {[%emt 0:00:56][%cal Oc3d5] [#] And now Nd5! would win.} O-O 13. O-O Bd6 14. Kh1 Qb8 ({Better is} 14... a6 $14 15. Bxd7 Qxd7 (15... Bxd7 $2 {loses.} 16. Nd5 $18)) 15. f4 $16 {[%emt 0:01:22][%cal Bf2f4,Bf4f5][%mdl 32] e5 would now be deadly.} e5 16. f5 {[%emt 0:00:03] White is more active.} a6 {[%emt 0:00:02] [#]} (16... Bb4 $16) 17. Bxd7 $1 $18 Nxd7 (17... Bxd7 $16 18. Bg5 Ne8) 18. Nd5 f6 19. Na5 Rf7 20. Qg4 b6 (20... Nf8 $142 21. Nb6 Bd7) 21. Nc6 Qb7 22. Nd8 {[%emt 0:00:04][%csl LRb7,LRf7] Excellent horsemanship.} Qb8 23. Nc6 (23. Nxf7 $142 Kxf7 24. Qh5+ Kf8 25. Rc3 (25. Qxh7 Bb7 $18)) 23... Qb7 24. Nd8 (24. Qh4 $142) 24... Qb8 $1 25. Nxf7 Kxf7 26. Qh5+ Kg8 27. Rf3 {[%emt 0:00:34][%cal Bf1f3,Bf3h3,Bh3h7][%mdl 32] Qe8+ would kill now.} Bb7 28. Rh3 Bxd5 29. Qxh7+ Kf7 30. Qg6+ Kg8 31. Rh7 Bf8 32. Qh5 {[%emt 0:00:11] Black got outplayed after the opening.   Weighted Error Value: White=0.70/Black=0.81.  Loses game:     	---       	Black=1      Mistake:       	---       	Black=3      Inaccurate:     	White=1     	Black=1      OK:         	White=4     	Black=4      Best:        	White=4     	---        Strong:       	White=1     	Black=1} 1-0

[Event "CCT Chessable Masters D-III 2024"]
[Site "Online"]
[Date "2024.02.06"]
[Round "6"]
[White "Sarana, Alexey"]
[Black "Grischuk, Alexander"]
[Result "1-0"]
[ECO "D17"]
[WhiteElo "2695"]
[BlackElo "2732"]
[Annotator "TA"]
[PlyCount "105"]
[EventDate "2024.01.12"]
[EventType "k.o."]
[EventCountry "NET"]
[SourceTitle "playchess.com"]
[Source "ChessBase"]
[SourceQuality "1"]
[TimeControl "600+2"]

1. d4 d5 2. c4 c6 3. Nc3 Nf6 4. Nf3 dxc4 5. a4 Bf5 6. Ne5 e6 7. f3 Bb4 8. Nxc4 O-O 9. h4 (9. Kf2 $142 $1) 9... c5 $11 10. dxc5 Qxd1+ 11. Kxd1 {[%emt 0:00:00] Black has an edge.} Rd8+ 12. Bd2 {[%emt 0:00:01] [#] And now g4 would win.} e5 13. e4 (13. Nxe5 Nbd7 14. Nd3 Nxc5) 13... Be6 14. Nxe5 Bxc5 15. Nd3 $36 {[%emt 0:00:26][%mdl 2048] White is pushing.} Be7 16. Ke1 Nc6 {[%emt 0:00:03][%cal Bb8c6,Bc6b4,Bb4d3][%mdl 32] aiming for ...Nh5.} 17. Be3 Nh5 18. Kf2 {[%emt 0:00:39] Prevents Ng3.} Bd6 19. Ne2 {[%emt 0:01:13] Prevents Ng3} Bc4 20. Ndf4 Bxe2 21. Nxe2 Nb4 {[%emt 0:00:04] [#]} 22. g4 $1 Nd3+ 23. Kg1 Nhf4 24. Nxf4 Bxf4 25. Bxf4 Nxf4 26. Kf2 h6 27. g5 hxg5 28. hxg5 Rac8 {[%emt 0:00:07] Prevents Bc4} 29. Kg3 Ne6 30. Bh3 Rc6 31. Bxe6 Rxe6 $16 {[%emt 0:00:00][%mdl 4096] Endgame. KRR-KRR} 32. Rh2 Kf8 33. Rh8+ Ke7 34. Rxd8 Kxd8 {[%emt 0:00:00] KR-KR} 35. Rd1+ Ke7 36. Rd4 Rb6 {[%emt 0:00:04] Wards off Rb4} 37. b4 g6 $2 {[%emt 0:00:02] A mistake that costs the game.} (37... Rc6 $16 {was called for.} 38. Kf4 Rc7) 38. Kf4 a6 (38... Rc6 $142 39. Rd5 Ke6) 39. Rc4 $18 Kd7 40. Ke3 Re6 41. Rc5 Re8 42. Kd4 Rh8 $2 (42... Re6 43. Rd5+ Kc6) 43. Ke5 Rh3 44. f4 Rb3 45. Rc4 b5 46. Rd4+ Ke7 47. a5 Re3 48. Kd5 Rc3 49. f5 gxf5 50. exf5 Rg3 51. f6+ (51. Kc6 $142 Rc3+ 52. Kb6) 51... Ke8 52. Kc6 Rxg5 53. Kc7 {[%emt 0:00:03] Weighted Error Value: White=0.26 (precise) /Black=0.43.  Loses game:     	---       	Black=1      Mistake:       	---       	Black=2      Inaccurate:     	White=1     	Black=3      OK:         	White=17    	Black=8      Best:        	White=6     	Black=2      Strong:       	White=1     	---} 1-0

[Event "CCT Chessable Masters D-III 2024"]
[Site "Online"]
[Date "2024.02.06"]
[Round "7"]
[White "Grischuk, Alexander"]
[Black "Sarana, Alexey"]
[Result "0-1"]
[ECO "D41"]
[WhiteElo "2732"]
[BlackElo "2695"]
[Annotator "RC"]
[PlyCount "168"]
[EventDate "2024.01.12"]
[EventType "k.o."]
[EventCountry "NET"]
[SourceTitle "playchess.com"]
[Source "ChessBase"]
[SourceQuality "1"]
[TimeControl "600+2"]

1. d4 Nf6 2. c4 e6 3. Nf3 d5 4. Nc3 c5 5. cxd5 Nxd5 6. e4 Nxc3 7. bxc3 cxd4 8. cxd4 Bb4+ 9. Bd2 Bxd2+ 10. Qxd2 O-O 11. Rd1 Bd7 12. Be2 Ba4 13. Rc1 Bc6 14. Bd3 Nd7 15. O-O Nf6 16. Qe3 Qe7 17. Ne5 Rfc8 18. Nxc6 Rxc6 19. Rxc6 bxc6 20. Rc1 Rc8 21. h3 g6 22. Be2 Nd7 23. Bb5 Qd6 24. Qc3 Nb8 25. g3 Rd8 26. Bxc6 Nxc6 27. Qxc6 Qxd4 28. Kg2 Kg7 29. Qc4 Qe5 30. Qc3 Rd4 31. Re1 Rd5 32. Qxe5+ Rxe5 33. Re3 Ra5 34. a3 g5 35. f4 Kg6 36. Rc3 h5 37. h4 g4 38. Kf2 Rb5 39. Ke3 a5 40. Kd4 a4 41. Kc4 Rb2 42. Kd4 Kf6 43. Kc4 Ke7 44. Kd4 Kf6 45. Kc4 Rb1 46. Rd3 Ke7 47. Kd4 Rc1 48. Rc3 Rd1+ 49. Rd3 Rb1 50. Rc3 Rb2 51. Rd3 Kf6 52. Kc4 Rb1 53. Rc3 e5 54. f5 Re1 55. Kd3 Rg1 56. Kc4 Re1 57. Kd3 Kg7 58. Rc5 Rg1 59. Rxe5 Rxg3+ 60. Ke2 Rxa3 61. Ra5 Kf6 62. Kf2 Rf3+ 63. Kg2 a3 64. Rb5 Re3 65. Ra5 Rxe4 66. Rxa3 Re5 67. Ra6+ Kxf5 68. Rh6 Ke4 69. Rf6 Rf5 70. Ra6 Kf4 71. Ra4+ Ke5 72. Ra5+ Kf6 73. Ra6+ Kg7 74. Ra3 Rc5 75. Ra7 Kg6 76. Ra8 Rc2+ 77. Kg3 Rc3+ 78. Kf4 Rf3+ 79. Ke4 Rh3 80. Rg8+ Kf6 81. Kf4 Rxh4 82. Ra8 Rh1 83. Ra6+ Kg7 84. Kg5 g3 0-1

[Event "CCT Chessable Masters D-III 2024"]
[Site "Online"]
[Date "2024.02.06"]
[Round "7"]
[White "Sarana, Alexey"]
[Black "Grischuk, Alexander"]
[Result "1-0"]
[ECO "D35"]
[WhiteElo "2695"]
[BlackElo "2732"]
[Annotator "TA"]
[PlyCount "149"]
[EventDate "2024.01.12"]
[EventType "k.o."]
[EventCountry "NET"]
[SourceTitle "playchess.com"]
[Source "ChessBase"]
[SourceQuality "1"]
[TimeControl "600+2"]

1. d4 d5 2. c4 e6 3. Nc3 c6 4. cxd5 exd5 5. Bf4 Nf6 6. e3 Bf5 7. Bd3 Bxd3 8. Qxd3 Be7 9. Nf3 Nbd7 10. h3 O-O 11. O-O Re8 12. Rab1 a5 13. Ne5 h6 14. Rfe1 Bf8 15. Na4 Nxe5 16. Bxe5 Ne4 17. Nc3 Bb4 18. Re2 Bxc3 19. bxc3 b5 20. f3 Nc5 21. Qf5 Na4 22. Rc1 Qg5 23. Qd3 Nb6 24. Bf4 Qf6 25. Be5 Qe7 26. e4 Nc4 27. Bh2 Qa3 28. Rb1 b4 29. Rb3 Qc1+ 30. Kf2 bxc3 31. Rxc3 Qg5 32. Rb3 a4 33. Rb7 a3 34. Bg3 Qg6 35. Bh2 Re6 36. Qc2 Rae8 37. e5 Qh5 38. f4 f5 (38... Nd6 $11 39. Rb3 Ne4+ 40. Kg1 c5 41. Rxe4 (41. dxc5 Rc6 $17) 41... dxe4) 39. Rb3 $14 Ra8 40. Kg1 Kh8 (40... Ree8 $142) 41. Bg3 $16 Qf7 42. Be1 Qh5 43. Bb4 Rg6 (43... Ree8 $16 44. Kh2 Reb8) 44. Kh2 (44. Rf2 $18) 44... Re6 $16 45. Bc5 Qf7 (45... Ree8 $16 46. e6 Qg6) 46. Rf2 Ree8 47. Rff3 Reb8 {[%emt 0:00:02] [#]} 48. Rxb8+ $1 (48. Bxa3 Rxb3 49. axb3 Nxa3 $15) 48... Rxb8 49. Bxa3 Qe6 50. Bc1 g6 (50... Rc8 $142 51. Rb3 c5 52. dxc5 Rxc5) 51. a4 $18 Kh7 $2 (51... Qe7 52. Rb3 Rg8) 52. Rb3 $18 Ra8 53. Rb7+ Kh8 (53... Kg8 {might work better.} 54. Qc3 Qc8) 54. Qb1 $18 Kg8 55. Qb4 Qe8 56. a5 Nxa5 57. Re7 Qd8 58. Re6 Kf7 59. Rf6+ Kg7 60. Bd2 Qe8 61. Qd6 Nc4 62. Qc7+ (62. Qxc6 Qxc6 (62... Nxd2 63. Qb7+ Kh8 64. Rxg6 $11) 63. Rxc6 Nxd2 $19) 62... Kg8 63. Bb4 (63. Be1 $142) 63... Rc8 $18 64. Qa7 Ra8 65. Qc7 Rc8 $1 66. Rxg6+ Qxg6 67. Qxc8+ Kh7 68. Qd7+ Kg8 69. Qd8+ Kh7 70. Qe7+ Qg7 71. Qxg7+ Kxg7 72. g4 Kg6 73. Kg3 Ne3 74. Kf3 Nc4 75. e6 1-0

[Event "CCT Chessable Masters D-III 2024"]
[Site "Online"]
[Date "2024.02.02"]
[Round "51"]
[White "Dubov, Daniil"]
[Black "Tabatabaei, M. Amin"]
[Result "1/2-1/2"]
[ECO "A07"]
[WhiteElo "2708"]
[BlackElo "2696"]
[Annotator "RC"]
[PlyCount "199"]
[EventDate "2024.01.12"]
[EventType "k.o."]
[EventCountry "NET"]
[SourceTitle "playchess.com"]
[Source "ChessBase"]
[SourceQuality "1"]
[TimeControl "600+2"]

1. g3 d5 2. Nf3 Nf6 3. Bg2 c6 4. O-O Bg4 5. h3 Bxf3 6. Bxf3 e5 7. d3 a5 8. Bg2 a4 9. a3 Bc5 10. Nd2 O-O 11. e3 Re8 12. Re1 Nbd7 13. Nf1 b5 14. g4 Nf8 15. Ng3 Ng6 16. Nf5 Ne7 17. Nh4 Ng6 18. Nxg6 hxg6 19. Bd2 Qc7 20. Rc1 Qb6 21. g5 Nd7 22. Qg4 Nf8 23. h4 Ne6 24. Re2 Rab8 25. Ra1 Bf8 26. Kh1 b4 27. axb4 Bxb4 28. Bc1 a3 29. c3 Bf8 30. b4 d4 31. Rxa3 dxc3 32. Rxc3 Qxb4 33. Rc4 Qb3 34. Rec2 Qxd3 35. R2c3 Qb1 36. Bxc6 Rec8 37. Kg2 Rb4 38. Rxb4 Qxb4 39. Rc4 Qb6 40. Bd5 Rxc4 41. Qxc4 Qd6 42. Bb2 Kh7 43. Qe4 Qd7 44. h5 Nxg5 45. hxg6+ Kh6 46. Qh4+ Kxg6 47. e4 f6 48. Bc1 Nf7 49. Be3 Bb4 50. Bc4 Bd2 51. Be2 Nh6 52. Bxh6 Bxh6 53. Bg4 Qe7 54. Qh5+ Kh7 55. Bf5+ Kg8 56. Qg6 Qd8 57. Be6+ Kh8 58. Qf7 Qa8 59. Kh3 Qd8 60. Bf5 Qb8 61. Kg4 Qa8 62. Kh5 Qb8 63. f3 Qa8 64. Kg6 Qg8 65. Qd5 Qf8 66. Be6 Qe8+ 67. Bf7 Qc8 68. Qd6 Qa8 69. Qe7 Qc8 70. Be6 Qa8 71. Bd7 Qb8 72. Be8 Qb3 73. Bf7 Qb8 74. Bd5 Qc8 75. Qf7 Qb8 76. Be6 Qd8 77. Bc4 Qb8 78. Qd7 Qa8 79. Bf7 Qb8 80. Bd5 Qf8 81. Qe6 Qd8 82. Qf7 Qc8 83. Bc6 Qg8 84. Qd5 Qxd5 85. exd5 Kg8 86. d6 Kf8 87. Kf5 Kf7 88. Bd5+ Ke8 89. Ke6 Kd8 90. Bc6 Bf4 91. Bb5 Bg3 92. Bc6 Bf4 93. Kf7 e4 94. Bxe4 Bxd6 95. Kxg7 Ke7 96. Kg6 Bc7 97. Kf5 Bd6 98. f4 Bxf4 99. Kxf4 f5 100. Bxf5 1/2-1/2

[Event "CCT Chessable Masters D-III 2024"]
[Site "Online"]
[Date "2024.02.02"]
[Round "51"]
[White "Tabatabaei, M. Amin"]
[Black "Dubov, Daniil"]
[Result "1-0"]
[ECO "D06"]
[WhiteElo "2696"]
[BlackElo "2708"]
[Annotator "TA"]
[PlyCount "117"]
[EventDate "2024.01.12"]
[EventType "k.o."]
[EventCountry "NET"]
[SourceTitle "playchess.com"]
[Source "ChessBase"]
[SourceQuality "1"]
[TimeControl "600+2"]

1. d4 Nf6 2. c4 d5 3. cxd5 g6 4. Qa4+ Bd7 5. Qb3 b5 6. Nf3 Bg7 7. Nc3 a5 8. a3 Na6 9. e4 a4 10. Qd1 b4 11. Bxa6 bxc3 12. Bd3 cxb2 13. Bxb2 Rb8 14. Qc2 O-O 15. O-O c6 16. dxc6 Bxc6 17. Qxc6 Rxb2 18. Qxa4 Qb6 (18... e6 $142 19. Rab1 Rxb1 20. Rxb1 Qa8 21. Qxa8 Rxa8) 19. Rab1 $18 Rc8 20. h3 Rc3 21. Ne5 Bf8 22. Nc4 Rxb1 (22... Qxd4 {keeps fighting.} 23. Nxb2 Qxa4 24. Nxa4 Rxd3) 23. Nxb6 $18 Rxb6 24. Bb5 Nxe4 (24... Rc8 $142 25. Re1 e6) 25. Qa5 $18 Rxb5 26. Qxb5 Rxa3 27. Re1 Nd6 28. Qb8 Kg7 29. d5 Ra5 30. Rd1 Rc5 31. Ra1 Rc8 32. Qb4 h5 33. Ra7 Kg8 34. Qa5 Rb8 35. Ra8 Rxa8 36. Qxa8 h4 37. Kf1 Nf5 38. Ke2 Kg7 39. Kd3 Nd6 40. Qd8 Nf5 41. Qa5 Kh7 42. Qa4 Bh6 43. Qe8 Kg7 44. g4 hxg3 45. fxg3 Bg5 46. g4 Nh4 $2 (46... Nd6 47. Qb8 f5) 47. Ke4 $18 Bf6 48. Qa4 g5 49. Qc6 Ng6 50. d6 exd6 51. Qxd6 Nh4 52. Kd5 Ng6 53. Kc6 Nf4 54. Qa3 Ng6 55. Kd7 Ne5+ 56. Ke8 Ng6 57. Qa7 (57. Qc5 $142 Ne5 58. h4 gxh4 59. g5) 57... Be7 58. Qd7 Kg8 59. Qf5 1-0

[Event "CCT Chessable Masters D-III 2024"]
[Site "Online"]
[Date "2024.02.02"]
[Round "51"]
[White "Deac, Bogdan-Daniel"]
[Black "Shevchenko, Kirill"]
[Result "1-0"]
[ECO "A48"]
[WhiteElo "2690"]
[BlackElo "2651"]
[Annotator "TA"]
[PlyCount "141"]
[EventDate "2024.01.12"]
[EventType "k.o."]
[EventCountry "NET"]
[SourceTitle "playchess.com"]
[Source "ChessBase"]
[SourceQuality "1"]
[TimeControl "600+2"]

1. d4 Nf6 2. Nf3 g6 3. e3 Bg7 4. Be2 O-O 5. O-O c5 6. d5 {[%emt 0:00:14] A48: 1 d4 Nf6 2 Nf3 g6: Torre, London and Colle Systems.} d6 7. Nc3 Na6 8. e4 Nc7 9. Re1 Rb8 10. a4 a6 11. a5 Bd7 $146 ({Predecessor:} 11... b5 12. axb6 Rxb6 13. Bf1 Nd7 14. Na4 Rb8 15. c4 a5 16. h3 Na6 17. Bf4 Nb6 {1-0 Danada,T (2306)-Rybka,S (2334) SVK-ch Kezmarok 2022 (8)}) 12. Bd3 Nb5 13. Bd2 Rc8 14. Na4 c4 15. Bf1 Ng4 16. h3 Ne5 17. Bb4 Nxf3+ 18. Qxf3 f5 19. c3 fxe4 20. Qxe4 Be5 21. Nb6 Rc7 22. g3 Bf5 23. Qe3 Bf6 24. h4 Qe8 25. Nxc4 Qf7 26. Rad1 Qg7 27. Nd2 Bg4 28. Be2 Bf5 29. Ne4 Be5 30. Ng5 Rcc8 31. f4 Bf6 32. Ne6 Bxe6 33. Qxe6+ Kh8 34. Kg2 Nc7 35. Qe4 Ne8 36. Bd3 Qh6 37. Re3 Ng7 38. Rf3 Nf5 39. Rh1 Qh5 40. Be2 Nh6 41. Rd3 Qf5 42. Bf3 Rg8 43. b3 Rg7 (43... Qxe4 {keeps fighting.} 44. Bxe4 Rb8) 44. c4 Qd7 45. Qe6 Rc7 $2 (45... Qxe6 46. dxe6 Nf5) 46. Qxd7 $18 Rxd7 47. Re1 Nf5 48. Bc3 Bxc3 49. Rxc3 Rc7 50. b4 Kg8 51. Be4 Nd4 52. Rd1 Nb5 53. Rcc1 (53. cxb5 Rxc3 54. bxa6 bxa6 $11) 53... Na7 54. c5 Kf8 55. g4 Ke8 56. g5 Kd8 57. Kf3 Nb5 58. Kg4 Rf7 59. f5 gxf5+ 60. Bxf5 Na7 61. h5 Nb5 62. h6 dxc5 63. bxc5 Na3 64. Rf1 Rf8 65. Be6 Re8 66. Rf7 Nb5 67. Rxh7 Nd4 68. g6 b6 69. axb6 Rb7 70. c6 Nxe6 71. cxb7 1-0

[Event "CCT Chessable Masters D-III 2024"]
[Site "Online"]
[Date "2024.02.02"]
[Round "51"]
[White "Shevchenko, Kirill"]
[Black "Deac, Bogdan-Daniel"]
[Result "0-1"]
[ECO "E51"]
[WhiteElo "2651"]
[BlackElo "2690"]
[Annotator "TA"]
[PlyCount "116"]
[EventDate "2024.01.12"]
[EventType "k.o."]
[EventCountry "NET"]
[SourceTitle "playchess.com"]
[Source "ChessBase"]
[SourceQuality "1"]
[TimeControl "600+2"]

1. d4 Nf6 2. c4 e6 3. Nc3 Bb4 4. e3 O-O 5. Bd3 d5 6. a3 dxc4 7. Bxc4 Be7 8. Nf3 c5 9. O-O a6 10. dxc5 Qxd1 11. Rxd1 {[%emt 0:00:01] And now Na4 would win.} Bxc5 {[%emt 0:00:01] White has an edge.} 12. b4 Be7 13. e4 b5 14. Bd3 Bb7 15. Bg5 h6 16. Bh4 ({White should try} 16. Be3 $11) 16... Rc8 17. Rac1 Nbd7 18. Bb1 (18. Bg3 $11 {was preferrable.}) 18... g5 19. Bg3 Nb6 $36 {[%emt 0:00:01][%mdl 2048] Black fights for an advantage.} 20. h4 {[%emt 0:00:30] [#] White is on the road to losing.} ({White should play} 20. Nd2 $15) 20... Nc4 $1 $17 21. hxg5 hxg5 22. Nxg5 Nxa3 23. Ba2 (23. Bd3 $17) 23... Bxb4 $19 24. Be5 Ng4 25. Bd4 Nc4 {[%emt 0:00:05] Active counter play!} 26. f3 $2 {[%emt 0:00:11] [#]} (26. Ne2 {keeps fighting.}) 26... e5 27. Ba7 (27. Bf2 Nxf2 28. Kxf2) 27... Rxa7 28. fxg4 Bc5+ 29. Kh2 Be3 30. Bxc4 Bxg5 {[%emt 0:00:32] A strong pair of Bishops.} 31. Bxf7+ Kxf7 32. Rd7+ Ke8 33. Rcd1 Rxc3 34. Rg7 Bf4+ 35. Kh1 Bxe4 36. Rxa7 Rh3+ 37. Kg1 Be3+ 38. Kf1 Rh1+ 39. Ke2 Rxd1 40. Kxe3 Bxg2 41. Rxa6 {[%emt 0:00:00][%mdl 4096] Endgame. KRB-KR} Ke7 {[%emt 0:00:01] Black mates.} 42. g5 Bd5 43. g6 Rg1 44. Rb6 Be6 45. Rxb5 Kf6 46. Ke4 Rg4+ ({Less strong is} 46... Kxg6 47. Rxe5 Kf6 48. Rb5 $17) 47. Kf3 Rxg6 ({Inferior is} 47... Kxg6 48. Rxe5 Bf5 49. Re8 $11) 48. Rb8 Rg7 49. Rf8+ Ke7 50. Rb8 Bd5+ 51. Ke3 Rg3+ 52. Ke2 Ra3 53. Rb6 Kd7 54. Rf6 Be6 55. Rh6 Kd6 56. Rh8 Kd5 57. Rd8+ Ke4 58. Rd2 Ra2 {[%emt 0:00:03] Weighted Error Value: White=1.08/Black=0.22 (precise) .  Mistake:       	White=6     	---        Inaccurate:     	---       	Black=1      OK:         	White=4     	Black=7      Best:        	---       	Black=6      Strong:       	---       	Black=1} 0-1